 Dungeon Crawl Stone Soup version 0.19-a0-503-g45a6586 (webtiles) character file.

51 oplop the Chiller (level 3, 0/22 HPs)
             Began as an Octopode Ice Elementalist on June 5, 2016.
             Succumbed to an adder's poison
             ... on level 2 of the Dungeon.
             The game lasted 00:02:45 (1165 turns).

oplop the Chiller (Octopode Ice Elementalist)       Turns: 1165, Time: 00:02:46

Health: 0/22       AC:  2    Str:  7    XL:     3   Next: 81%
Magic:  5/6        EV: 12    Int: 18    God:
Gold:   49         SH:  0    Dex: 10    Spells: 3 memorised, 1 level left

rFire  . . .     SeeInvis .     (no weapon)
rCold  . . .     Gourm    .     (no shield)
rNeg   . . .     Faith    .     (helmet restricted)
rPois  .         Spirit   .     (no amulet)
rElec  .         Dismiss  .     (no ring)
rCorr  .         Reflect  .     (no ring)
SustAt .         Harm     .     (no ring)
MR     .....                    (no ring)
Stlth  +++.......               (no ring)
                                (no ring)
                                (no ring)
                                (no ring)

@: lethally poisoned (0 -> -8), not resistant to hostile enchantments, fairly
stealthy
A: almost no armour, amphibious, 8 rings, constrict 8, molten scales 1,
camouflage 1, clumsy 1, low mp 1, gelatinous body 1
a: no special abilities


You were on level 2 of the Dungeon.
You were hungry.

You visited 1 branch of the dungeon, and saw 2 of its levels.

You collected 49 gold pieces.

Inventory:

Jewellery
 c - an uncursed amulet of dismissal {unknown}
Scrolls
 d - 3 scrolls of identify {unknown}
 e - a scroll of fog {unknown}
 f - a scroll of noise {unknown}
Books
 a - a book of Frost

   Spells                             Type                      Level
   a - Freeze                         Ice                          1
   b - Throw Frost                    Conjuration/Ice              2
   c - Ozocubu's Armour               Charms/Ice                   3
   d - Throw Icicle                   Conjuration/Ice              4
   e - Summon Ice Beast               Ice/Summoning                4
Comestibles
 b - a bread ration


   Skills:
 + Level 0.8 Fighting
 + Level 2.6 Dodging
 - Level 2.6 Stealth
 + Level 2.5 Spellcasting
 - Level 1.0 Conjurations
 + Level 3.6 Ice Magic


You had one spell level left.
You knew the following spells:

 Your Spells              Type           Power        Failure   Level  Hunger
a - Freeze                Ice            ###.         4%          1    #......
b - Throw Frost           Conj/Ice       ##....       12%         2    ##.....
c - Ozocubu's Armour      Chrm/Ice       #.......     30%         3    ###....


Dungeon Overview and Level Annotations

Branches:
Dungeon (2/15)

Altars:


Innate Abilities, Weirdness & Mutations

You cannot wear most types of armour.
You are amphibious.
You can wear up to eight rings at the same time.
You can use your tentacles to constrict eight enemies at once.
Your skin changes colour to match your surroundings (Stealth+).
Your rubbery body absorbs attacks. (AC +1)
You are partially covered in molten scales. (AC +1)
You are clumsy. (Dex -2)
Your magical capacity is low. (-10% MP)


Message History

You kill the adder!
You feel sick.
It was a potion of cure mutation.
It has a very clean taste.
You feel sick.
It was a potion of mutation.
You feel extremely strange.
You feel clumsy.
Molten scales grow over part of your body.
You feel less energetic.
* * * LOW HITPOINT WARNING * * *
You feel sick.
* * * LOW HITPOINT WARNING * * *
You feel sick.
* * * LOW HITPOINT WARNING * * *
You feel sick.
* * * LOW HITPOINT WARNING * * *
You feel sick.
* * * LOW HITPOINT WARNING * * *
You feel sick.
* * * LOW HITPOINT WARNING * * *
You feel sick.
You die...

#.#. ##.#. ...
##.## ####...##
........##
#######.....#####
#...@...#.<.....#
#.#####.....###.#
#.# ##.#.## #.#
#.#.# #.# #.#.#
#.# #.#.# ...
..#.# ##.## ###.#
#.# .#


There were no monsters in sight!

Vanquished Creatures
  2 adders
  2 dart slugs (D:1)
  4 bats (D:1)
  2 giant cockroaches (D:1)
  6 goblins (D:1)
  2 hobgoblins (D:1)
  A ball python (D:1)
  2 giant newts (D:1)
  4 kobolds (D:1)
  2 rats (D:1)
27 creatures vanquished.

Notes
Turn   | Place    | Note
--------------------------------------------------------------
     0 | D:1      | oplop the Octopode Ice Elementalist began the quest for the Orb.
     0 | D:1      | Reached XP level 1. HP: 11/11 MP: 3/3
   385 | D:1      | Reached XP level 2. HP: 16/17 MP: 5/5
   430 | D:1      | namelastname112: ммм
   488 | D:1      | namelastname112: а вот это мне не нравится
   519 | D:1      | namelastname112: http://s-z.org/neil/git/?p=crawl.git;a=commit;h=e2097fa391c8ee34728c85037e012442940a8bda
   519 | D:1      | oplop: что?
   519 | D:1      | oplop: uv
   519 | D:1      | oplop: гм
   519 | D:1      | oplop: бред
   519 | D:1      | namelastname112: http://s-z.org/neil/git/?p=crawl.git;a=commit;h=43665f35dd8ee3fee8c3fdf460a4701eb3b854d3
   530 | D:1      | namelastname112: пиздец
   530 | D:1      | oplop: да
   530 | D:1      | oplop: пиздец
   793 | D:1      | Reached XP level 3. HP: 19/22 MP: 6/6
   870 | D:1      | jacquesderrida: Mingeld with a ghost
   870 | D:1      | jacquesderrida: mingled
   870 | D:1      | Wingboner: Роды в миск я поддерживаю. А вот карты это дебилизм.
  1019 | D:1      | Learned a level 2 spell: Throw Frost
  1023 | D:1      | Learned a level 3 spell: Ozocubu's Armour
  1159 | D:2      | Gained mutation: You are clumsy. (Dex -2) [potion of mutation]
  1159 | D:2      | Gained mutation: You are partially covered in molten scales. (AC +1) [potion of mutation]
  1159 | D:2      | Gained mutation: Your magical capacity is low. (-10% MP) [potion of mutation]
  1160 | D:2      | oplop: хы
  1164 | D:2      | HP: 1/22 [poisoned by an adder]
  1165 | D:2      | Succumbed to an adder's poison

Vault maps used:
D:1:      lightli_arrival_boilingwater, hangedman_abyss_or_decor_lesser_grid,
          minmay_liquid_box
D:2:      uniq_sigmund

Action                   || total
-------------------------++-------
Melee: Unarmed           ||    68
       Constrict         ||    17
       Tentacles         ||    10
 Cast: Freeze            ||    13
  Use: Potion            ||     2
 Stab: Sleeping          ||     3
Armor: Skin              ||     5
Dodge: Dodged            ||    45
